Map: [ESL] Hard Lead

Players

Serral

  • Race: Zerg Zerg
  • Spawn Location: 5:00

Clem - Winner!

  • Race: Terran Terran
  • Spawn Location: 11:00

Event: ESL SC2 Masters 2023 Winter (Regional)

VOD

Have the link to the VOD?

Description

Time

  • Played on: Nov. 17, 2023, 11:06 a.m.
  • Length: 22:36

All games in this series

Show
View Real Time Build Order
Export as new Build Order

Serral Zerg 

Build Orders: Hatch First 

Get SALT Encoding   

  12  0:00  Drone  
  13  0:07  Drone  
  13  0:14  Extractor, Drone  
  15  0:36  Hatchery  
  15  0:42  Extractor, Drone  
  14  0:48  Overlord  
  15  1:02  Spawning Pool  
  14  1:06  Drone  
  14  1:09  Drone  
  16  1:13  Drone  
  17  1:18  Drone  
  18  1:27  Extractor  
  18  1:29  Drone  
  18  1:39  Drone  
  19  1:48  Drone, Queen  
  19  1:49  Queen  
  19  1:51  Drone  
  25  1:58  Drone  
  25  2:00  Overlord  
  26  2:10  Drone  
  26  2:11  Drone  
  28  2:20  Drone  
  28  2:21  Drone  
  30  2:24  Queen  
  30  2:26  Extractor  
  31  2:32  Drone, Overlord  
  31  2:33  Metabolic Boost  
  33  2:47  Extractor  
  33  2:52  Drone x2, Hatchery  
  33  2:57  Drone  
  33  2:58  Drone x2  
  37  3:00  Drone  
  37  3:01  Drone  
  37  3:04  Drone  
  40  3:05  Drone  
  40  3:09  Overlord  
  41  3:15  Queen  
  41  3:19  Overlord  
  43  3:26  Zergling x2  
  44  3:28  Zergling x6  
  44  3:32  Zergling x8  
  51  3:36  Zergling x2  
  51  3:38  Zergling x4  
  51  3:41  Queen  
  54  3:45  Zergling x2  
  54  3:47  Overlord  
  57  3:54  Queen  
  59  4:03  Drone  
  59  4:04  Drone  
  59  4:05  Drone x4  
  59  4:06  Drone x3  
  68  4:10  Queen  
  68  4:14  Drone x2  
  68  4:16  Overlord  
  72  4:24  Drone x2  
  72  4:29  Drone  
  72  4:30  Drone x3  
  74  4:32  Drone  
  74  4:35  Drone  
  74  4:37  Lair  
  69  4:39  Queen  
  69  4:41  Zergling x2  
  69  4:45  Baneling Nest  
  71  4:46  Queen  
  71  4:51  Zergling x4  
  71  4:52  Zergling x4  
  77  4:54  Spore Crawler  
  77  4:55  Drone x2  
  77  4:56  Spore Crawler  
  77  4:57  Extractor  
  76  5:02  Drone x2  
  76  5:04  Spore Crawler  
  76  5:06  Drone x3  
  80  5:09  Overlord x2  
  80  5:10  Overlord  
  81  5:18  Hatchery  
  81  5:19  Drone  
  81  5:21  Overlord  
  81  5:24  Extractor  
  81  5:25  Drone  
  81  5:26  Spore Crawler  
  80  5:30  Drone x7  
  85  5:35  Queen  
  85  5:37  Drone  
  85  5:38  Overseer  
  85  5:42  Drone x2  
  83  5:44  Drone  
  83  5:46  Centrifugal Hooks  
  83  5:48  Evolution Chamber  
  83  5:49  Evolution Chamber  
  80  5:52  Drone x4  
  80  5:55  Drone x2  
  86  5:58  Drone x2  
  86  5:59  Extractor  
  86  6:00  Drone x2  
  86  6:02  Drone x2  
  86  6:03  Overseer  
  91  6:07  Drone x2  
  93  6:12  Overlord  
  93  6:23  Drone x3  
  95  6:27  Zergling x8  
  95  6:32  Zergling x8  
  101  6:34  Zerg Melee Weapons Level 1  
  101  6:35  Zerg Ground Armor Level 1  
  101  6:36  Drone  
  101  6:37  Drone  
  101  6:39  Drone x3  
  103  6:41  Drone, Queen  
  103  6:46  Zergling x2, Hatchery  
  106  6:48  Queen  
  106  6:49  Zergling x4  
  109  6:58  Zergling x4  
  111  7:01  Baneling  
  111  7:02  Baneling x10  
  111  7:04  Zergling x2  
  111  7:05  Zergling x16  
  120  7:09  Drone  
  120  7:10  Overlord x2  
  121  7:16  Zergling x8  
  121  7:20  Hatchery  
  121  7:22  Drone, Overlord  
  125  7:23  Overlord  
  125  7:29  Zergling x4  
  129  7:30  Zergling x4  
  129  7:31  Overlord  
  129  7:32  Pneumatized Carapace  
  129  7:33  Overseer  
  129  7:37  Baneling x5  
  128  7:38  Baneling x4  
  128  7:41  Zergling x16  
  128  7:42  Zergling x2  
  137  7:47  Queen  
  137  7:50  Zergling x2  
  137  7:51  Zergling x10  
  140  7:58  Zergling x2  
  140  7:59  Zergling x8  
  140  8:02  Overlord  
  141  8:10  Zergling x20  
  136  8:16  Baneling  
  136  8:17  Zergling x8, Baneling x9  
  136  8:19  Burrow  
  140  8:23  Zergling x6  
  143  8:28  Drone, Spore Crawler, Extractor x2  
  143  8:29  Infestation Pit  
  143  8:30  Drone, Zerg Melee Weapons Level 2  
  143  8:31  Zergling x10  
  143  8:33  Zergling x2  
  143  8:35  Queen  
  143  8:40  Zergling x6  
  136  8:43  Zergling x6  
  136  8:46  Zergling x8  
  136  8:47  Zergling x10  
  145  8:54  Zergling x16  
  153  8:56  Baneling x5  
  153  9:01  Drone  
  153  9:02  Zergling x8  
  158  9:03  Baneling  
  158  9:04  Zerg Ground Armor Level 2  
  154  9:11  Drone x4  
  154  9:15  Baneling x5  
  154  9:16  Overseer, Baneling x3  
  158  9:17  Zergling x6  
  158  9:19  Baneling x4  
  159  9:29  Zergling x20  
  167  9:35  Hive  
  167  9:37  Drone x2  
  169  9:40  Overlord  
  169  9:42  Drone x2  
  169  9:45  Overlord  
  169  9:47  Zergling x6  
  169  9:48  Zergling x2  
  169  9:51  Drone x2  
  169  9:52  Drone  
  167  9:55  Zergling x2  
  167  9:56  Zergling x8  
  162  10:00  Zergling x10  
  162  10:04  Overlord  
  162  10:06  Zergling x2  
  162  10:07  Zergling x8  
  169  10:10  Baneling x2  
  169  10:11  Baneling x2  
  169  10:12  Baneling x5  
  169  10:15  Drone x2  
  169  10:16  Drone x2  
  169  10:17  Spore Crawler  
  170  10:23  Zergling x14  
  170  10:34  Zergling x2  
  170  10:35  Zergling x22  
  182  10:37  Baneling  
  182  10:38  Baneling x6  
  177  10:45  Zergling x2  
  177  10:46  Zergling x18  
  178  10:51  Overseer x2  
  178  10:55  Zergling x16  
  166  11:04  Overlord  
  166  11:05  Overlord x3  
  166  11:06  Zerg Melee Weapons Level 3  
  166  11:15  Zergling x12  
  166  11:16  Viper x2  
  175  11:19  Overlord x2  
  175  11:20  Overlord  
  175  11:22  Zerg Ground Armor Level 3  
  175  11:24  Adrenal Glands  
  170  11:37  Baneling x3  
  169  11:40  Zergling x30  
  169  11:42  Baneling x3  
  181  11:57  Overseer  
  181  11:59  Baneling x8  
  180  12:02  Hatchery  
  180  12:06  Zergling x38  
  191  12:12  Zergling x6  
  171  12:16  Zergling x4  
  171  12:22  Baneling x8  
  154  12:32  Zergling x34  
  164  12:42  Zergling x12  
  147  12:46  Zergling x2  
  147  12:47  Zergling x6  
  147  12:50  Zergling x6  
  149  12:56  Viper x3  
  149  12:58  Infestor x2  
  161  12:59  Ultralisk Cavern  
  161  13:01  Overseer  
  161  13:04  Baneling x7  
  159  13:12  Zergling x14  
  162  13:16  Zergling x2, Baneling x7  
  162  13:17  Zergling x6  
  162  13:18  Zergling x2  
  162  13:19  Zergling x4  
  154  13:24  Baneling x4  
  149  13:27  Zergling x20  
  152  13:37  Zergling x10  
  139  13:41  Baneling x7  
  139  13:43  Zergling x8  
  139  13:47  Zergling x4  
  139  13:49  Zergling x2  
  139  13:50  Zergling x2  
  139  13:52  Baneling x8  
  139  13:53  Baneling  
  139  13:54  Queen x3  
  144  13:56  Chitinous Plating  
  144  13:59  Extractor  
  144  14:00  Zergling x10  
  147  14:06  Zergling x6  
  147  14:08  Zergling x2  
  142  14:11  Zergling x4  
  142  14:15  Queen x2  
  143  14:18  Zergling x8  
  143  14:23  Zergling x4, Ultralisk x2  
  161  14:29  Zergling x8  
  159  14:38  Zergling x14, Ultralisk  
  159  14:43  Baneling x2  
  165  14:47  Infestor  
  165  14:49  Zergling x14  
  165  14:50  Zergling x4  
  165  14:51  Baneling x5  
  171  14:56  Zergling x14  
  171  14:59  Zergling x4  
  156  15:09  Zergling x12, Infestor  
  156  15:11  Overseer  
  156  15:12  Baneling x4  
  159  15:14  Anabolic Synthesis  
  158  15:21  Baneling  
  158  15:22  Baneling x7  
  158  15:27  Zergling x2  
  158  15:28  Zergling x18  
  160  15:35  Zergling x12  
  159  15:41  Baneling x2  
  159  15:48  Zergling x8  
  159  15:49  Zergling x14  
  162  15:57  Zergling x14  
  159  16:11  Zergling x24  
  165  16:14  Overseer  
  165  16:15  Baneling x4  
  169  16:19  Infestor  
  169  16:21  Zergling x10  
  174  16:26  Overseer  
  174  16:27  Zergling x6  
  174  16:31  Baneling x2  
  174  16:32  Baneling  
  175  16:35  Baneling x6  
  175  16:39  Zergling x2  
  177  16:40  Zergling x10  
  177  16:44  Baneling x2  
  174  16:59  Zergling x20, Hatchery  
  177  17:05  Zergling x10  
  180  17:09  Baneling x8  
  180  17:10  Infestor  
  178  17:20  Zergling x2  
  178  17:21  Zergling x20  
  177  17:28  Baneling x9  
  153  17:38  Zergling x8, Hatchery  
  154  17:50  Zergling x20  
  154  17:51  Zergling x2  
  151  17:59  Zergling x12  
  139  18:06  Zergling x12  
  139  18:07  Zergling x2  
  139  18:11  Infestor  
  136  18:21  Ultralisk  
  136  18:24  Infestor  
  144  18:33  Zergling x20  
  144  18:34  Zergling x2  
  144  18:41  Zergling x10, Ultralisk  
  154  18:50  Zergling x2, Ultralisk  
  154  18:51  Zergling x10  
  164  19:02  Zergling x22  
  172  19:06  Infestor x2  
  172  19:08  Infestor  
  176  19:11  Zergling x6  
  178  19:17  Baneling x7  
  178  19:21  Overlord x2  
  178  19:23  Overlord  
  178  19:24  Overlord  
  176  19:27  Overlord  
  174  19:36  Zergling x12  
  176  19:45  Zergling x28  
  189  19:50  Overseer  
  182  20:01  Zergling x32  
  182  20:04  Drone  
  179  20:18  Infestor x2  
  182  20:23  Zergling x24  
  180  20:30  Zergling x4  
  180  20:32  Hatchery  
  180  20:33  Baneling  
  180  20:34  Baneling x4  
  169  20:39  Zergling x8, Ultralisk  
  174  20:48  Zergling x12, Spore Crawler  
  155  21:04  Zergling x22  
  164  21:18  Zergling x10, Ultralisk  
  162  21:33  Zergling x22  
  163  21:40  Infestor, Overseer  
  163  21:42  Zergling x6  
  163  21:49  Zergling x12  
  165  21:55  Ultralisk  
  165  21:56  Spore Crawler  
  165  21:57  Zergling x4  
  172  22:06  Zergling x10  
  176  22:11  Baneling  
  176  22:12  Baneling x5  
  176  22:14  Zergling x2  
  176  22:15  Zergling x4  
  174  22:18  Zergling x2  
  174  22:19  Zergling x2  
Show
View Real Time Build Order
Export as new Build Order

Clem Terran - Winner!

Build Orders: Reaper Expand, Hellion Banshee 

Get SALT Encoding   

  12  0:00  SCV  
  13  0:12  SCV  
  14  0:17  Supply Depot  
  14  0:24  SCV  
  15  0:38  SCV  
  15  0:40  Barracks  
  16  0:44  Refinery  
  16  0:50  SCV  
  17  1:02  SCV  
  18  1:15  SCV  
  19  1:28  Orbital Command, Reaper  
  20  1:38  Command Center  
  20  1:46  Supply Depot  
  20  1:53  SCV  
  21  1:59  Marine  
  22  2:05  SCV  
  23  2:10  Factory  
  23  2:17  SCV  
  23  2:21  Barracks Reactor  
  24  2:29  SCV  
  25  2:39  Command Center  
  25  2:41  SCV  
  26  2:51  Orbital Command  
  26  2:54  SCV  
  27  2:59  Starport  
  27  3:03  Refinery  
  27  3:06  SCV  
  27  3:10  Hellion  
  30  3:15  Hellion  
  30  3:16  SCV  
  30  3:19  SCV  
  34  3:20  Barracks Tech Lab  
  34  3:28  SCV  
  34  3:31  Hellion, SCV  
  38  3:36  Hellion  
  38  3:40  SCV  
  41  3:43  Banshee, SCV  
  45  3:51  Marine  
  45  3:52  Orbital Command  
  45  3:54  SCV  
  45  3:55  Cloaking Field, SCV  
  48  3:59  Hellion  
  48  4:02  Hellion  
  52  4:06  SCV  
  52  4:07  SCV  
  54  4:10  Barracks Tech Lab  
  54  4:15  Supply Depot  
  54  4:18  SCV x2  
  54  4:19  SCV  
  56  4:24  Hellion  
  56  4:25  Hellion  
  56  4:30  SCV x2  
  58  4:31  SCV  
  59  4:42  SCV  
  59  4:45  Supply Depot, SCV  
  61  4:47  Stimpack  
  61  4:59  Barracks  
  61  5:01  Factory Reactor  
  61  5:02  Barracks  
  61  5:06  Banshee, SCV x3, Marine  
  68  5:09  Supply Depot  
  68  5:11  Supply Depot  
  68  5:13  Engineering Bay  
  68  5:17  Engineering Bay  
  68  5:19  SCV  
  69  5:25  Orbital Command, Refinery  
  69  5:27  Refinery  
  69  5:30  SCV, Marine  
  69  5:31  Supply Depot, SCV  
  66  5:42  SCV  
  66  5:43  SCV  
  66  5:48  Marine  
  66  5:49  Factory Reactor  
  69  5:50  Barracks, Marine  
  69  5:51  Barracks, Marine  
  69  5:53  SCV  
  69  5:55  SCV x2  
  74  5:57  Terran Infantry Weapons Level 1  
  74  5:58  Starport Reactor, Terran Infantry Armor Level 1  
  74  6:02  Marine x2  
  76  6:05  SCV  
  76  6:06  Supply Depot, Marine  
  76  6:07  SCV x2  
  76  6:08  Siege Tank  
  76  6:11  Marine x2  
  85  6:17  SCV  
  86  6:19  SCV x2  
  86  6:20  Supply Depot, Marine x2  
  86  6:24  Marine  
  91  6:28  Marine x2  
  91  6:30  SCV  
  91  6:31  SCV  
  93  6:34  SCV  
  93  6:37  Medivac  
  93  6:38  Marine x2, Medivac  
  100  6:40  Supply Depot  
  100  6:41  Barracks Reactor, Supply Depot  
  100  6:42  Barracks Reactor, SCV  
  100  6:43  SCV  
  100  6:44  Siege Tank  
  100  6:45  Marine  
  100  6:46  SCV  
  107  6:52  Marine  
  107  6:54  SCV  
  109  6:58  Supply Depot  
  109  7:00  Refinery  
  109  7:01  Supply Depot  
  109  7:02  SCV x2, Marine  
  109  7:04  Armory, Supply Depot  
  109  7:05  Marine  
  109  7:06  Combat Shield, Factory, SCV  
  114  7:09  Supply Depot  
  114  7:14  SCV x2  
  116  7:18  Medivac  
  116  7:19  Marine x2  
  120  7:23  Marine, Supply Depot  
  120  7:24  Supply Depot, Marine x5  
  120  7:25  Marine  
  127  7:36  Medivac, Widow Mine  
  131  7:37  Marine x2  
  131  7:41  Marine x2  
  131  7:42  Marine x4  
  139  7:48  Medivac, Marine  
  142  7:52  Command Center, Factory Reactor  
  142  7:55  Marine x2  
  143  7:59  Marine x2  
  143  8:01  Marine x2  
  143  8:02  Marine  
  148  8:06  Medivac  
  148  8:12  Widow Mine, Marine  
  139  8:13  Marine x2  
  139  8:17  Marine  
  139  8:18  Medivac  
  139  8:19  Marine x2  
  144  8:20  Marine, Refinery  
  144  8:22  Marine  
  144  8:24  Marine  
  145  8:28  Sensor Tower  
  145  8:32  Terran Infantry Armor Level 2  
  144  8:35  Marine, Widow Mine  
  144  8:36  Medivac  
  144  8:38  Widow Mine  
  148  8:42  Widow Mine  
  148  8:46  Marine x5  
  148  8:47  Marine x3  
  75  8:48  Medivac  
  152  8:50  Terran Infantry Weapons Level 2, Barracks  
  152  8:52  Barracks  
  152  8:53  Marine  
  155  8:56  Widow Mine  
  155  9:00  Widow Mine, Supply Depot  
  155  9:01  Supply Depot  
  155  9:02  Terran Vehicle And Ship Armor Level 1  
  159  9:03  Marine x2, SCV x3  
  159  9:04  Marine x3  
  159  9:07  Widow Mine  
  159  9:09  Marine  
  170  9:12  Medivac  
  170  9:13  Marine x3  
  170  9:15  SCV  
  176  9:18  Medivac  
  176  9:19  SCV  
  176  9:20  Widow Mine  
  176  9:21  Marine x3  
  176  9:22  SCV, Marine x2  
  187  9:25  Widow Mine  
  187  9:27  SCV  
  187  9:29  Marine  
  187  9:30  Widow Mine  
  189  9:32  Marine  
  189  9:33  SCV  
  189  9:35  Planetary Fortress  
  191  9:39  Refinery x2  
  191  9:41  Widow Mine  
  191  9:42  Marine x2  
  191  9:43  Marine x2  
  191  9:44  Marauder  
  195  9:47  Widow Mine  
  195  9:51  Widow Mine  
  195  9:53  Medivac  
  195  9:56  Marine  
  195  9:57  Marine  
  195  9:58  Marine  
  191  10:02  Widow Mine  
  191  10:03  SCV  
  191  10:05  SCV  
  191  10:06  SCV  
  191  10:07  Command Center  
  182  10:08  Widow Mine  
  182  10:12  Widow Mine, SCV  
  182  10:14  Marine x2  
  188  10:15  Marauder  
  188  10:16  SCV  
  188  10:23  SCV  
  188  10:24  Widow Mine  
  188  10:26  Marine x2  
  188  10:27  Sensor Tower  
  188  10:28  Barracks, Barracks Tech Lab  
  191  10:29  Barracks Tech Lab, Widow Mine  
  191  10:33  Liberator  
  191  10:34  Widow Mine  
  198  10:36  Marauder  
  196  10:45  Widow Mine, Medivac  
  196  10:46  Marine x2  
  196  10:47  Marine  
  196  10:48  Marine x3  
  196  10:49  Marine  
  191  10:51  Widow Mine, Marine x2  
  191  10:53  Marine  
  191  10:55  Widow Mine  
  191  10:56  SCV  
  199  11:00  Marine  
  199  11:02  SCV  
  199  11:03  Marine  
  199  11:04  Marine  
  193  11:05  Marine  
  193  11:06  Marine x3  
  193  11:07  Widow Mine  
  200  11:14  Widow Mine  
  195  11:20  Widow Mine  
  195  11:23  Marauder  
  195  11:24  Ghost Academy  
  199  11:28  Command Center x2, Widow Mine  
  199  11:30  Marine x2  
  199  11:31  SCV, Marauder  
  194  11:33  SCV  
  194  11:34  Marine, Marauder  
  194  11:35  Widow Mine  
  194  11:37  Barracks Tech Lab, Marine x2  
  200  11:46  Planetary Fortress  
  200  11:53  SCV  
  199  11:55  Widow Mine  
  195  12:02  Widow Mine  
  195  12:06  Marauder x2  
  195  12:07  Marauder  
  200  12:12  Marauder  
  200  12:13  Widow Mine  
  187  12:16  Cyclone  
  187  12:17  Marine x2  
  187  12:20  Marine x2  
  180  12:23  Widow Mine  
  180  12:24  Sensor Tower, Marine, SCV  
  180  12:26  Medivac, Marine  
  180  12:27  Ghost x2, Marauder  
  193  12:30  Liberator  
  193  12:33  Marauder, Marine  
  193  12:34  Marine  
  193  12:35  Marine, Widow Mine  
  200  12:40  Marine  
  200  12:41  Marine x2  
  200  12:42  SCV x2  
  200  12:43  SCV  
  180  12:44  Widow Mine  
  180  12:46  SCV x2  
  180  12:47  SCV  
  180  12:49  Widow Mine  
  180  12:50  Marine  
  180  12:51  Marine  
  182  12:56  Medivac, Widow Mine  
  186  12:59  Marine  
  186  13:01  Marine  
  186  13:02  Marine x2  
  186  13:05  Terran Infantry Weapons Level 3, Marine  
  191  13:06  Widow Mine  
  191  13:10  Widow Mine  
  191  13:12  Marine x2  
  192  13:14  Orbital Command x2, SCV  
  192  13:15  Marine  
  192  13:16  Command Center  
  192  13:17  Widow Mine  
  193  13:21  Terran Infantry Armor Level 3  
  193  13:22  Marine  
  193  13:23  Marine x2  
  193  13:24  Marine  
  196  13:27  Widow Mine, SCV  
  196  13:30  Marine  
  196  13:31  Widow Mine  
  196  13:32  Marine  
  194  13:37  SCV  
  194  13:39  Widow Mine, Refinery x2  
  181  13:42  Marine  
  181  13:43  Marauder  
  178  13:48  Widow Mine, Medivac  
  178  13:50  Marine x2  
  178  13:51  Marauder, Marine  
  178  13:53  Widow Mine  
  178  13:55  Marauder  
  187  13:56  Marine x2  
  187  14:00  Widow Mine  
  187  14:02  Ghost  
  193  14:05  Medivac  
  193  14:06  Marine  
  183  14:10  Widow Mine  
  183  14:14  Widow Mine  
  183  14:16  SCV x2  
  183  14:17  SCV x2  
  188  14:21  Orbital Command, Widow Mine, SCV  
  190  14:28  Ghost x2  
  190  14:30  Marine  
  197  14:31  Widow Mine  
  197  14:32  Marine  
  197  14:35  Cyclone  
  197  14:37  Medivac  
  193  14:39  Medivac  
  193  14:42  Marine x3  
  193  14:43  Marauder, Marine, Widow Mine  
  194  14:53  Widow Mine  
  194  14:57  Marauder  
  194  14:58  Marauder, Marine x2  
  194  14:59  Marine x2  
  187  15:00  Marine  
  187  15:04  Widow Mine  
  179  15:07  Medivac  
  179  15:08  Widow Mine  
  179  15:09  Medivac  
  179  15:12  Marauder  
  179  15:13  Marauder  
  184  15:14  Widow Mine  
  184  15:16  Orbital Command  
  184  15:18  Marauder  
  184  15:19  Marauder  
  184  15:21  Marine, Starport  
  178  15:26  Widow Mine  
  177  15:29  Widow Mine  
  177  15:32  Marine x2  
  177  15:33  Marauder  
  177  15:34  Marine, Marauder  
  177  15:35  Widow Mine, Marine x2  
  165  15:37  Medivac  
  165  15:38  Marine  
  165  15:39  Medivac  
  165  15:40  Marauder  
  165  15:41  Marauder  
  174  15:47  Widow Mine  
  170  15:50  Widow Mine  
  170  15:51  Marine, Drilling Claws  
  170  15:54  Marauder  
  170  15:56  Marine x2, Marauder  
  162  15:57  Liberator, Widow Mine  
  162  16:01  Marauder  
  162  16:02  Marauder, Marine  
  165  16:04  Marine x2  
  165  16:05  Marine  
  165  16:07  Medivac  
  165  16:08  Widow Mine  
  165  16:09  Marine x2, Medivac  
  176  16:12  Widow Mine  
  176  16:14  Marine  
  176  16:16  Marauder  
  176  16:17  Marauder  
  185  16:18  Widow Mine  
  185  16:22  Ghost  
  185  16:23  Marauder  
  187  16:27  Command Center  
  187  16:30  Widow Mine  
  187  16:31  Starport  
  189  16:33  Widow Mine  
  189  16:36  Ghost  
  189  16:37  Medivac  
  189  16:38  Liberator, Ghost  
  200  16:42  Terran Vehicle And Ship Armor Level 2  
  200  16:51  Command Center  
  200  17:00  Widow Mine  
  189  17:04  Ghost  
  189  17:07  Liberator, Medivac  
  189  17:08  Marine, Widow Mine  
  196  17:09  Widow Mine  
  199  17:21  Liberator  
  199  17:22  Marauder, Widow Mine  
  189  17:27  Marine  
  189  17:29  Marauder  
  188  17:31  Widow Mine  
  188  17:33  Widow Mine  
  188  17:36  SCV  
  182  17:37  Liberator  
  182  17:38  Marauder  
  182  17:39  SCV  
  182  17:43  Marauder  
  182  17:44  Marauder  
  192  17:50  Liberator  
  168  17:52  Widow Mine  
  168  17:53  Orbital Command, Ghost  
  168  17:54  Widow Mine  
  169  18:01  Marauder  
  169  18:04  Liberator  
  155  18:09  SCV, Marauder  
  155  18:10  Sensor Tower  
  150  18:13  Cyclone, Marauder, Marine x4  
  150  18:14  Marine x2  
  150  18:15  Widow Mine, Missile Turret, Marine x2, SCV  
  165  18:20  Liberator  
  165  18:22  Marauder, Marine  
  165  18:23  SCV  
  170  18:30  Marauder  
  170  18:31  Marine x4  
  170  18:32  Liberator  
  167  18:36  Marine  
  167  18:37  Cyclone, Marine x2  
  167  18:39  Medivac  
  167  18:40  Marine  
  167  18:41  Marine x2  
  175  18:43  Marine  
  175  18:46  Widow Mine  
  175  18:47  Liberator  
  179  18:49  Marine x4  
  179  18:51  Orbital Command  
  179  18:52  Planetary Fortress  
  179  18:53  Marine  
  179  18:54  Marine  
  181  18:58  Marine  
  181  18:59  Marine x2  
  181  19:00  Marine  
  181  19:01  Marine  
  186  19:03  Liberator  
  186  19:07  Hellion  
  186  19:08  Command Center  
  186  19:09  Medivac, Widow Mine  
  195  19:15  Medivac  
  196  19:23  Marine x2  
  198  19:27  Orbital Command  
  198  19:28  Widow Mine  
  200  19:33  Marauder, Marine, Widow Mine  
  194  19:40  Marauder x2, Refinery x2  
  194  19:41  Liberator  
  194  19:42  Liberator  
  194  19:43  Ghost  
  195  19:48  Marine  
  195  19:50  Widow Mine  
  195  19:52  SCV  
  188  19:54  Widow Mine, SCV  
  188  19:55  Marauder  
  188  19:56  SCV  
  188  19:57  Refinery  
  188  19:58  SCV  
  194  20:01  Marine  
  194  20:02  Marauder x2  
  199  20:09  Orbital Command  
  199  20:11  Widow Mine  
  199  20:13  Marauder  
  190  20:16  Marauder, Widow Mine  
  190  20:22  Ghost  
  190  20:23  Marauder  
  190  20:27  Medivac  
  180  20:29  Marine x2  
  180  20:30  Marine x3  
  180  20:33  Widow Mine  
  180  20:34  Marauder  
  180  20:35  Marine x2  
  187  20:37  Marauder, Widow Mine  
  187  20:39  Medivac  
  187  20:41  Liberator  
  189  20:44  Marauder  
  189  20:47  Medivac  
  189  20:48  SCV  
  193  20:52  Marauder  
  193  20:53  Marine  
  193  20:54  Widow Mine  
  193  20:56  Marauder  
  197  20:57  Medivac  
  181  21:05  Ghost  
  181  21:06  Orbital Command, Marine, Marauder  
  181  21:07  Marine  
  181  21:08  Widow Mine, Marine  
  181  21:09  Liberator  
  190  21:12  SCV  
  190  21:13  Marauder  
  190  21:15  Missile Turret, Widow Mine  
  195  21:20  Marauder, Marine x2  
  195  21:21  Marine  
  200  21:31  Ghost  
  193  21:34  Widow Mine  
  193  21:35  Liberator  
  193  21:39  Marine x2  
  193  21:41  Liberator  
  193  21:42  Cyclone, Marauder, Marine  
  200  21:48  Marauder  
  200  21:50  Concussive Shells  
  200  21:51  Marine x3  
  200  21:54  Marauder  
  200  22:04  Ghost  
  171  22:31  Command Center  
  171  22:32  Refinery  
Tags
 
Add a new tag
Caveats
  • Supply blocks, unpowered buildings, or Contaminate may cause inaccurate times.
  • Supply counts are checked every 10 seconds.